 Dungeon Crawl Stone Soup version 0.31-a0-1009-g454b1f1e0a (webtiles) character file.

Game seed: 4680129690067838765

133 night the Shooter (level 5, 0/32 HPs)
             Began as a Tengu Hunter on Nov 13, 2023.
             Slain by an ogre
             ... wielding a +0 giant club
              (32 damage)
             ... on level 4 of the Dungeon.
             The game lasted 00:03:21 (1974 turns).

night the Shooter (Tengu Hunter)                    Turns: 1974, Time: 00:03:22

Health: 0/32       AC:  4    Str: 11    XL:     5   Next: 16%
Magic:  6/6        EV: 12    Int: 10    God:
Gold:   256        SH:  0    Dex: 19    Spells: 4/4 levels left

rFire   . . .        a - +0 shortbow
rCold   . . .        (shield currently unavailable)
rNeg    . . .        c - +0 leather armour
rPois   .            (helmet restricted)
rElec   .            q - +0 cloak
rCorr   .            (no gloves)
SInv    .            (boots unavailable)
Will    .....        (no amulet)
Stlth   ++           (no ring)
HPRegen 0.25/turn    (no ring)
MPRegen 0.10/turn

%: acrobat
@: no status effects
A: beak, talons 3, acrobatic
a: no special abilities


You were on level 4 of the Dungeon.
You visited 1 branch of the dungeon, and saw 4 of its levels.

You collected 256 gold pieces.

Inventory:

Hand Weapons
 a - a +0 shortbow (weapon)
Missiles
 f - 53 stones
 i - 4 boomerangs
 l - 3 poisoned darts
Armour
 c - a +0 leather armour (worn)
 q - a +0 cloak (worn)
Wands
 m - a wand of roots (13)
Scrolls
 b - a scroll of butterflies
 d - 2 scrolls of noise {unknown}
 g - a scroll of enchant weapon {unknown}
 h - a scroll of fog {unknown}
 k - a scroll of vulnerability {unknown}
 o - 2 scrolls of identify {unknown}
 p - a scroll of torment {unknown}
Potions
 e - 3 potions of enlightenment {unknown}
 j - 2 potions of degeneration {unknown}
 n - a potion of attraction {unknown}


   Skills:
 + Level 3.3 Fighting
 * Level 6.2 Ranged Weapons
 - Level 2.1 Dodging
 - Level 1.0 Stealth


You had 4 spell levels left.
You didn't know any spells.
Your spell library contained the following spells:

 Spells                   Type           Power      Damage    Failure   Level
 Ensorcelled Hibernation  Hex/Ice        0%         N/A       58%         2
 Jinxbite                 Hex            0%         N/A       58%         2
 Passwall                 Tmut/Erth      0%         N/A       58%         2
 Swiftness                Air            0%         N/A       83%         3
 Tukima's Dance           Hex            0%         N/A       83%         3
 Anguish                  Hex/Necr       0%         N/A       99%         4
 Dimensional Bullseye     Hex/Tloc       0%         N/A       99%         4
 Iskenderun's Mystic Bla  Conj/Tloc      0%         2d3       99%         4


Dungeon Overview and Level Annotations

Branches:
Dungeon (4/15)
 Temple: D:4-7

Altars:


Innate Abilities, Weirdness & Mutations

You have a beak for a mouth.
You have claws for feet.
You can magically evade attacks while moving or waiting.


Message History

You kill the orc!
You shoot an arrow. The arrow hits the jelly!
The jelly is heavily wounded.
The jelly barely misses you.
You shoot an arrow.
The arrow hits the jelly but does no damage.
The jelly is heavily wounded.
The jelly barely misses you.
You shoot an arrow. The arrow hits the jelly!
The jelly is almost dead.
The jelly closely misses you.
You shoot an arrow. The arrow hits the jelly!
You kill the jelly!
Your Ranged Weapons skill increases to level 6!
You have reached level 5!
Okay, then.
HP restored.
Items here: )) [[.
Found a dagger.
You now have 256 gold pieces (gained 18).
An ogre and 2 orcs come into view.
You shoot an arrow.
The arrow hits the orc but does no damage.
The orc shouts!
You hear a shout!
The ogre shouts!
There is a stone staircase leading up here.
You shoot an arrow. The arrow hits the ogre.
The ogre is lightly wounded.
You shoot an arrow.
The arrow hits the ogre but does no damage.
The ogre is lightly wounded.
You shoot an arrow. The arrow completely misses the ogre.
You shoot an arrow.
The arrow hits the ogre but does no damage.
The ogre is lightly wounded.
You shoot an arrow.
The arrow hits the ogre but does no damage.
The ogre is lightly wounded.
The ogre hits you with a +0 giant club!!
Ouch! That really hurt!
You die...

####### #...<.# ..
#.###)####..# #.. #.#
#.......# #.#
#.###.#####.# #.#
#.....#.###.# #.#
###.##...##.# #.#
#.#######.#@O...#.#
#.####O##
#.................#
#.:.O...o
#######.###.....#o#
#..# #.#
#....##.###..#
#.###.#.##.......##
####.....#.##.#......#
#).........##.#..###.#
#.####.######....# .#
# #...#####....###.#


You could see an ogre and an orc.

Vanquished Creatures
  A jelly (D:4)
  3 adders
  A worm (D:2)
  8 orcs
  10 ball pythons
  4 bats
  3 endoplasms (D:2)
  2 giant cockroaches (D:1)
  5 goblins
  8 hobgoblins
  2 jackals (D:1)
  3 kobolds
  2 quokkas
  2 frilled lizards
  4 rats (D:1)
58 creatures vanquished.

Notes
Turn   | Place    | Note
-------+----------+-------------------------------------------
     0 | D:1      | night the Tengu Hunter began the quest for the Orb.
     0 | D:1      | Reached XP level 1. HP: 12/12 MP: 2/2
    83 | D:1      | Reached XP level 2. HP: 17/17 MP: 3/3
   325 | D:1      | Reached skill level 5 in Ranged Weapons
   390 | D:1      | Reached XP level 3. HP: 22/22 MP: 4/4
   812 | D:2      | Reached XP level 4. HP: 27/27 MP: 5/5
  1911 | D:4      | Reached skill level 6 in Ranged Weapons
  1911 | D:4      | Reached XP level 5. HP: 31/32 MP: 6/6
  1954 | D:4      | Noticed an ogre
  1974 | D:4      | Slain by an ogre

Illustrated notes

Levels and vault maps discovered:
D:1:      dpeg_arrival_boxorama, layout_rooms, moated_statue
D:2:      layout_loops_ring
D:3:      corexii_shack_village, layout_loops_ring
D:4:      layout_loops_ring, minmay_gold_behind_fungi, wad_rectangle_vault,
          uniq_natasha, uniq_eustachio, uniq_duvessa, uniq_menkaure,
          uniq_blork_the_orc

Skill      XL: |  1  2  3  4 |
---------------+-------------+-----
Ranged Weapons | 5 6 |  6.2
Fighting       | 3 |  3.3
Dodging        | |  2.1
Stealth        | |  1.0

Action                     |  1- 3 |  4- 6 || total
---------------------------+-------+-------++-------
   Fire: Shortbow          |    75 |    70 ||   145
 Armour: Leather armour    |     4 |     9 ||    13
  Dodge: Dodged            |    12 |    17 ||    29

Table legend: (Time is in decaauts)
 A = Elapsed time spent in this place.
 B = Non-inter-level travel time spent in this place.
 C = Inter-level travel time spent in this place.
 D = Time resting spent in this place.
 E = Time spent auto-exploring this place.
 F = Levels seen in this place.
 G = Mean time per level.
                   A        B        C        D        E       F      G
               +--------+--------+--------+--------+--------+-----+--------+
         Total |   1999 |   1895 |    104 |     81 |   1505 |   4 |  499.8 |
       Dungeon |   1999 |   1895 |    104 |     81 |   1505 |   4 |  499.8 |
               +--------+--------+--------+--------+--------+-----+--------+

Top non-repeatable levels by time:
     D:3: 983 daAuts
     D:2: 481 daAuts
     D:1: 453 daAuts
     D:4: 81 daAuts
